[Event "Benidorm Open-A 2022"]
[Site "Benidorm"]
[Date "2022.12.08"]
[Round "6.27"]
[White "Garcia Callejo, Jesus"]
[Black "Parramon Ros, Francesc"]
[Result "1-0"]
[ECO "B10"]
[WhiteElo "2140"]
[BlackElo "2003"]
[Annotator "TA"]
[PlyCount "139"]
[EventDate "2022.12.03"]
[EventType "swiss"]
[EventCountry "ESP"]
[SourceTitle "playchess.com"]
[Source "ChessBase"]
[SourceQuality "1"]
[TimeControl "5400+30"]

1. e4 c6 2. Nc3 d5 3. Nf3 Nf6 4. e5 Ne4 5. Ne2 e6 6. d3 {[%cal Bd2d3,Bd3d4][%mdl 32] B11: Caro-Kann: Two Knights Variation.} Nc5 7. Ng3 b6 (7... Ncd7 $11 {should be considered.}) 8. d4 $16 {White is better.} Ncd7 9. Bd3 Ba6 {[#]} 10. Ng5 $146 ({Predecessor:} 10. O-O c5 11. c3 Bxd3 12. Qxd3 Nc6 13. Bg5 Be7 14. h4 O-O 15. Bxe7 Qxe7 16. Ng5 {½-½ (58) Tregubov,P (2546)-Devaev,A (2325) Chess.com INT 2021}) 10... Bxd3 11. Qxd3 ({Much worse is} 11. cxd3 h6 12. Nf3 (12. Qh5 g6 $17) 12... c5 $15) 11... c5 $2 (11... h6 $11 {and Black has nothing to worry.} 12. Nf3 c5) 12. c3 $2 (12. Nxh7 $2 {perishes.} c4 13. Qf3 Rxh7 $19) (12. Qf3 $18 Qe7 13. N3e4 Nxe5 14. dxe5) 12... cxd4 13. cxd4 $40 {[%mdl 128] White mounts an attack.} Nc6 14. a3 Qe7 (14... h6 $14 15. Nf3 Be7) 15. Be3 h6 16. Nf3 O-O-O ({Black should play} 16... Qd8) 17. Qa6+ ({White should try} 17. O-O) 17... Kb8 18. Rc1 Rc8 19. O-O Qe8 20. b4 {White has more active pieces. The black rooks are badly placed.} Ka8 21. Rc3 Ndb8 22. Qd3 Qd7 23. Rfc1 Ne7 (23... a6 $142) 24. Nd2 (24. Rxc8 $16 Nxc8 25. b5) 24... g6 (24... Rxc3 $14 25. Rxc3 (25. Qxc3 g6 $14) 25... h5) 25. Rxc8 Nxc8 26. Nge4 Bg7 $14 27. Nc3 Ne7 28. Nb5 Rc8 {Prevents Rc7.} 29. Nb3 Rxc1+ 30. Bxc1 Nc8 (30... h5 $11) 31. g4 Qc6 32. Nc3 Ne7 (32... Qc4 $11 {was preferrable.} 33. Qxc4 dxc4) 33. b5 $16 Qe8 34. a4 Nd7 35. Qf3 Kb8 (35... g5 $14) 36. Bd2 (36. Ba3 $16) 36... g5 $14 37. Nc1 (37. Na2 {is more complex.} Kb7 38. Nb4 f6 39. exf6 Nxf6 40. Qe3) 37... Ng6 38. Nd3 Nh4 39. Qe2 Bf8 40. f4 Be7 (40... Qc8 $5 ) 41. f5 Qc8 42. fxe6 (42. f6 $5 Ba3 43. Qe3 $11) 42... fxe6 {White must now prevent ...Qc4.} 43. Ne1 $1 Qf8 44. Qf2 Qxf2+ 45. Kxf2 Bb4 46. Nb1 Bxd2 47. Nxd2 $11 {[%mdl 4096] Endgame KNN-KNN} Nf8 48. Nd3 Nfg6 49. Nb4 Nf4 50. Nf3 Nxf3 51. Kxf3 {aiming for Nc6+. KN-KN} Kb7 (51... Kc7 $11 {and Black is okay.}) 52. h4 $2 (52. Nc6 $18) 52... Ng6 53. h5 Nh8 54. Nc6 {And now Nd8+ would win.} Nf7 {Against Nd8+} 55. Ne7 Kc7 56. Ke3 Kb7 57. Kd3 Kc7 58. Kc3 Kb7 (58... Kd7 $11 59. Ng8 Kd8) 59. Ng8 a5 $2 (59... Kc8 $14) 60. bxa6+ $1 $18 Kxa6 61. Kb4 $1 Kb7 $2 (61... Ka7 62. Kb5 Kb7) 62. Kb5 Kc7 63. Nf6 {White wants to mate with Ne8+.} Nd8 64. Ne8+ Kb7 65. Nd6+ $1 Kc7 {[#]} 66. Ka6 $1 {White mates.} Kc6 67. Ka7 Kc7 {[#]} 68. Nb5+ $1 Kc6 69. Kb8 Kd7 70. Na7 {Weighted Error Value: White=0.26 (precise) /Black=0.36} 1-0

[Event "Benidorm Open-A 2022"]
[Site "Benidorm"]
[Date "2022.12.08"]
[Round "6.28"]
[White "Perez Ruiz, Santiago"]
[Black "Draghici Flutur, Gavril"]
[Result "0-1"]
[ECO "D24"]
[WhiteElo "1966"]
[BlackElo "2012"]
[Annotator "TA"]
[PlyCount "62"]
[EventDate "2022.12.03"]
[EventType "swiss"]
[EventCountry "ESP"]
[SourceTitle "playchess.com"]
[Source "ChessBase"]
[SourceQuality "1"]
[TimeControl "5400+30"]

1. d4 d5 2. Nf3 Nf6 3. c4 dxc4 4. Nc3 a6 5. a4 Nc6 6. Bg5 h6 {Inhibits e4. D24: Queen's Gambit Accepted: 3 Nf3 Nf6 4 Nc3.} 7. Bf4 Bg4 8. e3 {[#]} Nd5 $146 {Black is slightly better.} (8... Na5 $5 ) ({Predecessor:} 8... Na5 9. Be2 Bxf3 10. Bxf3 e6 11. e4 Nb3 12. Be3 Nxa1 13. Qxa1 c6 14. O-O Bb4 {0-1 (30) Zuluaga Mancilla,C (2226)-Simonenko,S (2409) Turin 2006}) 9. Nxd5 Qxd5 10. Be2 $1 {Inhibits e5.} ({But not} 10. Bxc7 e5 11. Be2 exd4 12. exd4 Bb4+ 13. Kf1 Rc8 $19) 10... e5 11. dxe5 Bb4+ 12. Kf1 Qc5 $36 {[%mdl 2048] Black has good play. Black has more active pieces. The white rooks are badly placed.} 13. Qc2 Na5 14. Nd4 Bxe2+ 15. Kxe2 Nc6 (15... g6 $11) 16. Rhd1 O-O-O {[%cal Rd8d4] [#] Hoping for ...Rxd4.} (16... Nxe5 $2 17. Qe4 f6 18. Bxe5 Qxe5 19. Qxb7 $18) 17. Qf5+ (17. Qe4 $14) 17... Kb8 $11 {[%cal Rd8d4] Strongly threatening ...Rxd4.} 18. Nxc6+ (18. Qe4 $11) 18... Qxc6 $17 19. f3 (19. h4 $17) 19... Rxd1 20. Rxd1 Qxa4 21. Rd4 $2 {[%mdl 8192] Now White is beyond hope.} (21. e6 $17) 21... Qa1 $19 {[%csl Gb4][%cal Ra1e1] [#]} 22. Rd1 {Inhibits Qe1+.} Qxb2+ 23. Kf1 g5 24. Qf6 (24. Rb1 $142 Qa3 25. Bg3) 24... Rc8 {...c3 is the strong threat.} 25. Bg3 Qc2 26. Rd8 Qc1+ 27. Ke2 Rxd8 28. Qxd8+ Ka7 29. Qd4+ c5 30. Qd8 Qc2+ 31. Kf1 Qd3+ {Weighted Error Value: White=1.42/Black=0.63} 0-1

[Event "Benidorm Open-A 2022"]
[Site "Benidorm"]
[Date "2022.12.08"]
[Round "6.29"]
[White "Nurgaliyev, Sauat"]
[Black "Clemente Llamero, Roberto"]
[Result "0-1"]
[ECO "C60"]
[WhiteElo "2113"]
[BlackElo "1955"]
[Annotator "TA"]
[PlyCount "156"]
[EventDate "2022.12.03"]
[EventType "swiss"]
[EventCountry "ESP"]
[SourceTitle "playchess.com"]
[Source "ChessBase"]
[SourceQuality "1"]
[TimeControl "5400+30"]

1. e4 e5 2. Nf3 Nc6 3. Bb5 Nge7 4. O-O a6 5. Ba4 g6 6. c3 Bg7 7. d4 exd4 8. cxd4 b5 {Inhibits d5. C60: Ruy Lopez: Unusual Black 3rd moves and 3...g6.} 9. Bb3 O-O 10. Nc3 Na5 {The position is equal.} 11. Bc2 d6 12. h3 Bb7 13. Bf4 Rc8 14. Qc1 c5 15. dxc5 Rxc5 16. Rd1 Nc4 17. Nd4 (17. Bb3 $11) 17... Rc8 {[#] Black is more active.} 18. b3 $146 ({Predecessor:} 18. Nce2 d5 19. b3 Ne5 20. Bh6 Qc7 21. Bxg7 Kxg7 22. f4 N5c6 23. Qb2 Kg8 24. Rac1 dxe4 25. Bxe4 {½-½ (47) Srija,S (2166)-Shyam,N (2440) Sharjah 2017}) 18... Ne5 (18... Nb6 $5 19. Qd2 d5 $11) 19. Qe3 (19. Qd2 {is interesting.} N5c6 20. Nce2 Nxd4 21. Nxd4 Bxd4 22. Qxd4 Rxc2 23. Bh6) 19... Qc7 (19... N5c6 $15 20. Nde2 b4) 20. Nce2 $11 Rfe8 21. Rac1 Qa5 22. Bh6 d5 (22... Bh8 $14) 23. Bxg7 $16 Kxg7 24. Qg3 (24. Qg5 {seems wilder.} Qc7 25. Bb1 Qd6 26. f4) 24... N5c6 25. exd5 $2 (25. e5 $1 $16) 25... Nxd4 $1 $11 26. Nxd4 {d6 is the strong threat.} Bxd5 27. Qd6 Qc7 (27... Rcd8 $11 28. Qf4 Kg8) 28. Qxa6 $16 Qf4 29. Qxb5 Ba8 (29... Qf6 $16) 30. Qb4 $2 ({White should try} 30. Ne2 $1 $18 Qf6 31. Bd3) 30... Nd5 {[#]} (30... Qf6 $11 {keeps the balance.}) 31. Qd2 $1 Qf6 32. g3 Nc3 {[#]} (32... Ne7 $142) 33. Re1 $2 {[%mdl 8192] This costs White the game.} (33. Bf5 $1 $16 Ne2+ 34. Nxe2 Rxc1 35. Rxc1 Qxf5 36. Nf4) 33... Red8 $19 {Chess con chili.} ({Worse is} 33... Nxa2 34. Rxe8 Rxe8 35. Rd1 $11) 34. Rcd1 (34. Qe3 $142 Rxd4 35. Bb1) 34... Nxd1 35. Rxd1 Rxd4 36. Qxd4 Rxc2 37. Qxf6+ Kxf6 {[%mdl 4096] Endgame KRB-KR} 38. Ra1 Rb2 39. Kf1 Be4 40. Re1 $2 (40. b4 {keeps fighting.}) 40... Bd3+ 41. Kg2 Rxa2 42. Re3 Bf5 43. g4 (43. h4 $142) 43... Be6 44. b4 Rb2 45. Rf3+ Ke5 46. Re3+ Kd4 47. Kf3 Bd5+ 48. Kg3 Rb3 49. Kf4 f6 50. g5 f5 {( -> ...Rxe3)} 51. Rxb3 Bxb3 {KB-KP. Black mates.} 52. b5 Bd5 53. h4 Bb7 54. b6 Be4 55. h5 Bb7 56. Kg3 Ke4 57. h6 Bc6 58. Kh3 Kf4 59. Kh4 Bb7 60. f3 Bc6 61. Kh3 Kxf3 {KB-K3P} 62. Kh4 Kf4 63. Kh3 Kxg5 64. Kg3 Kxh6 {KB-KP} 65. Kf4 Bb7 66. Ke5 Kg5 67. Kd6 f4 68. Kc7 Be4 69. Kd6 Kf6 70. Kc5 Ke5 71. b7 Bxb7 72. Kb6 Bd5 73. Ka7 f3 74. Kb8 f2 75. Ka7 f1=Q 76. Kb8 Qf7 77. Kc8 Bc6 78. Kb8 Qb7# {Weighted Error Value: White=0.71/Black=0.36} 0-1

[Event "Benidorm Open-A 2022"]
[Site "Benidorm"]
[Date "2022.12.08"]
[Round "6.30"]
[White "Perez Candelario, Matias"]
[Black "Palomo Teruel, Xavier"]
[Result "1-0"]
[ECO "B54"]
[WhiteElo "2009"]
[BlackElo "2040"]
[Annotator "TA"]
[PlyCount "95"]
[EventDate "2022.12.03"]
[EventType "swiss"]
[EventCountry "ESP"]
[SourceTitle "playchess.com"]
[Source "ChessBase"]
[SourceQuality "1"]
[TimeControl "5400+30"]

1. e4 c5 2. Nf3 d6 3. d4 cxd4 4. Nxd4 Nf6 5. Bd3 Nc6 6. Nxc6 bxc6 7. O-O g6 {B55: Sicilian: 2...d6 3 d4 cxd4 4 Nxd4 Nf6 5 f3.} 8. Qe2 Nd7 {[#]} 9. f4 $146 ({Predecessor:} 9. Bd2 Bg7 10. Bc3 O-O 11. Bxg7 Kxg7 12. b3 e5 13. Nd2 Nc5 14. Bc4 Qf6 15. Rad1 {1-0 (50) Saga,V (2113)-Kostelny,J (2172) Slovakia 2007}) 9... Bg7 {[%cal Og7b2] The position is equal.} 10. c3 Nc5 11. Be3 Nxd3 12. Qxd3 O-O 13. Na3 f5 ({Better is} 13... Rb8 $15 14. Rf2 Qa5) 14. Qc4+ $14 Kh8 15. exf5 (15. Qxc6 Rb8 $11) 15... gxf5 16. Qxc6 {White is much more active.} Rb8 17. Rf2 (17. Bxa7 Rxb2 18. Rf2 Bb7 $17) 17... Bb7 18. Qa4 Rg8 19. Re1 Be4 {Black is now going downhill.} 20. Nc4 (20. Bxa7 Ra8 21. c4 e5 $17) (20. Qxa7 Bf6 $11) 20... e5 $2 (20... Qe8 $16 {was necessary.} 21. Qxe8 (21. Qxa7 Ra8 $11) 21... Rgxe8) 21. Qd1 $2 (21. Bxa7 Ra8 22. fxe5 dxe5 $19) (21. Qxa7 $6 Bd5 $16) (21. Rd1 $18) 21... Qh4 $2 (21... Qc7 $1 $14 22. Nxd6 Rbd8) 22. Nxd6 $18 {[%cal Rd6f7] [#]} (22. Bxa7 Rb7 23. Rxe4 (23. Be3 Bf6 $16) 23... fxe4 $16) 22... Bh6 23. Nxe4 ({Weaker is} 23. Bxa7 Bxf4 24. Nf7+ (24. Nxe4 Qxh2+ 25. Kf1 Qh1+ 26. Ke2 Qh5+ 27. Kf1 Qh1+ 28. Ke2 Qh5+ 29. Kf1 Qh1+ $11) 24... Kg7 25. Rxf4 Qxf4 26. Bxb8 (26. g3 $2 Rxb2 27. gxf4 Kxf7+ 28. Kf1 Bg2+ 29. Kg1 Bf3+ 30. Kf1 Bxd1 $19) 26... Kxf7 27. Qb3+ Kg7 $16) 23... fxe4 24. fxe5 Rbd8 25. Qe2 Bxe3 26. Qxe3 Rg4 27. h3 Rd3 (27... Rg5 $142 28. Qxe4 Qxe4 29. Rxe4 Re8) 28. hxg4 Rxe3 29. Rxe3 Qxg4 {[%mdl 4096] Endgame KQ-KRR} 30. Rfe2 Kg7 31. Rxe4 Qe6 32. b4 Kf7 33. c4 Ke7 34. c5 Qd5 35. e6 a6 36. g3 Qd1+ 37. Kf2 Qd5 38. Rf4 Qh1 39. Rh4 {Inhibits h5. White mates.} Qb1 40. c6 Qf5+ 41. Rf4 Qh3 42. Rf7+ Ke8 43. c7 Qh2+ 44. Kf3 Qh5+ 45. g4 Qd5+ 46. Kg3 Qd6+ 47. Kg2 Qc6+ 48. Rf3 {Weighted Error Value: White=0.28 (precise) /Black=0.57} 1-0

[Event "Benidorm Open-A 2022"]
[Site "Benidorm"]
[Date "2022.12.08"]
[Round "6.31"]
[White "Minana Menor, Antonio"]
[Black "Horcajada Reales, Guillermo"]
[Result "0-1"]
[ECO "B02"]
[WhiteElo "2102"]
[BlackElo "2081"]
[Annotator "TA"]
[PlyCount "69"]
[EventDate "2022.12.03"]
[EventType "swiss"]
[EventCountry "ESP"]
[SourceTitle "playchess.com"]
[Source "ChessBase"]
[SourceQuality "1"]
[TimeControl "5400+30"]

1. e4 Nf6 2. Nc3 d5 3. exd5 Nxd5 4. d4 c6 5. Bd3 g6 6. Nf3 {B02: Alekhine's Defence: Chase Variation and lines with early Nc3.} Bg7 7. h3 {[#]} Nxc3 $146 ({Predecessor:} 7... O-O 8. O-O Be6 9. a3 h6 10. Re1 Nc7 11. Bf4 Bd5 12. Be5 Nd7 13. Bxc7 Qxc7 14. Nxd5 cxd5 15. Rxe7 {1-0 (32) Muhd,A (1823)-Liew,K (1736) Skudai 2016}) 8. bxc3 {The position is equal.} O-O 9. Bf4 (9. O-O $11) 9... c5 $15 10. O-O ({Much weaker is} 10. dxc5 Bxc3+ 11. Bd2 Bxa1 12. Qxa1 Re8 $17) 10... Nc6 11. Be4 cxd4 12. Bxc6 {[%mdl 64] [#] Remove Defender} bxc6 13. cxd4 c5 14. c3 cxd4 15. cxd4 Bb7 16. Re1 e6 (16... Rc8 {with more complications.} 17. Ne5 Qa5 18. Rb1 Ba8) 17. Rc1 Bxf3 (17... Qa5 {seems wilder.} 18. Ne5 Qxa2 19. Rc7 Qd5) 18. Qxf3 Bxd4 19. Rcd1 {Be5 is the strong threat.} Qa5 {Prevents Be5.} 20. Rxd4 $2 Qxe1+ $19 21. Kh2 Rad8 22. Re4 {[#]} (22. Bd6 {might work better.}) 22... Qd1 $1 23. Qc3 Qd5 24. Bh6 f6 $1 (24... Qxe4 $2 25. Qg7#) 25. Qe3 Rfe8 26. Qxa7 Rd7 {Against Qg7+} (26... Qxe4 $2 27. Qg7#) 27. Qa4 Ra8 28. Qb4 Qd6+ (28... Qxa2 $2 {perishes.} 29. Qc3 $19) 29. Qxd6 Rxd6 {[%mdl 4096] Endgame KRR-KRB} 30. Rb4 Rd7 {[%cal Og8f7] Prevents Rb7.} (30... Rxa2 $2 {too greedy.} 31. Rb8+ Kf7 32. Rf8+ Ke7 33. Rh8) 31. a4 Kf7 {aiming for ...g5.} 32. Be3 e5 33. Bb6 Ke6 34. Rd4 $2 (34. Rc4 $19) 34... Rxd4 (34... exd4 $142 35. g4 d3 36. Be3 d2 37. Bxd2 Rxd2 38. Kg2 Rxa4 39. Kf3 g5 40. Ke3 Rb2 41. Kf3 Rf4+ 42. Kg2 Rbxf2+ 43. Kh1 Rd2 44. Kg1 Ra4 45. Kh1 Ra1#) 35. Bxd4 {White got outplayed after the opening.   Weighted Error Value: White=0.49/Black=0.29 (precise)} 0-1

[Event "Benidorm Open-A 2022"]
[Site "Benidorm"]
[Date "2022.12.08"]
[Round "7.1"]
[White "Saydaliev, Saidakbar"]
[Black "Ajay Karthikeyan"]
[Result "1-0"]
[ECO "A05"]
[WhiteElo "2376"]
[BlackElo "2441"]
[Annotator "TA"]
[PlyCount "97"]
[EventDate "2022.12.03"]
[EventType "swiss"]
[EventCountry "ESP"]
[SourceTitle "playchess.com"]
[Source "ChessBase"]
[SourceQuality "1"]
[TimeControl "5400+30"]

1. Nf3 Nf6 2. g3 d5 3. Bg2 e6 4. d4 h6 5. c4 Bd6 6. O-O {D02: 1 d4 d5 2 Nf3 sidelines, including 2...Nf6 3 g3 and 2...Nf6 3 Bf4.} O-O 7. Nc3 Nc6 8. b3 {White is slightly better.} dxc4 9. bxc4 e5 10. d5 Na5 11. Nd2 {[#]} a6 $146 ({Predecessor:} 11... Nd7 12. Qc2 f5 13. Na4 b6 14. Nb3 Nb7 15. f4 Qe8 16. Nc3 a6 17. e4 Ndc5 18. fxe5 Bxe5 {½-½ (56) Damljanovic,B (2441)-Alexakis,D (2484) Belgrade 2022}) 12. Bb2 Bd7 13. Rc1 b6 14. Nce4 Nxe4 15. Nxe4 Nb7 {Against c5} 16. f4 exf4 (16... f6 $11) 17. Qd4 {[%csl Gb2][%cal Rd4g7] [#] White has more active pieces. The black rooks are badly placed.} f6 18. Nxd6 (18. gxf4 $5 Bb4 19. f5 $11) 18... cxd6 19. gxf4 b5 20. e4 Rc8 21. cxb5 Bxb5 22. Rxc8 Qxc8 23. Rc1 Qg4 24. a4 Bd7 25. e5 {[#] aiming for e6.} fxe5 (25... Bf5 $5 26. h3 Qe2 $14) 26. fxe5 {And now e6 would win.} Rf4 {Prevents e6.} 27. Qe3 {Hoping for e6.} Qg5 $1 {[%cal Of4f1] Threatens to win with ...Rf1+!} 28. Re1 $36 {[%mdl 2048] Prevents Rf1+. White has good play.} Nc5 {Strongly threatening ...Re4.} 29. Bc1 dxe5 {[%mdl 8192] This costs Black the game.} (29... Qh4 $1 $14) 30. Qxc5 $18 Qh4 31. Qe3 Bxa4 32. Qg3 Qxg3 33. hxg3 Rd4 (33... Rg4 $142 34. Kf2 Kf7) 34. Bb2 ({And not} 34. Rxe5 Rd1+ 35. Kf2 Rxc1 $11) 34... Rd2 35. Bxe5 Bb3 36. d6 Bd5 37. Bxd5+ {White mates.} Rxd5 {KRB-KR} 38. Re4 Kf7 39. Rd4 Rxd4 40. Bxd4 {KB-K3P} g6 41. Kf2 Ke6 42. Bc5 h5 43. Kf3 g5 44. Ke4 a5 45. Ba3 a4 46. Bb4 Kd7 47. Kf5 h4 48. gxh4 (48. Kxg5 h3 49. g4 h2 $19) 48... gxh4 49. Kg4 {Weighted Error Value: White=0.09 (flawless) /Black=0.43} 1-0

[Event "Benidorm Open-A 2022"]
[Site "Benidorm"]
[Date "2022.12.08"]
[Round "7.2"]
[White "Sattarov, Bobir"]
[Black "Vignesh B"]
[Result "1-0"]
[ECO "A46"]
[WhiteElo "2433"]
[BlackElo "2032"]
[Annotator "TA"]
[PlyCount "112"]
[EventDate "2022.12.03"]
[EventType "swiss"]
[EventCountry "ESP"]
[SourceTitle "playchess.com"]
[Source "ChessBase"]
[SourceQuality "1"]
[TimeControl "5400+30"]

1. d4 Nf6 2. Nf3 e6 3. Bg5 c5 4. e3 Nc6 5. Nbd2 d5 6. c3 Be7 7. Bd3 h6 8. Bh4 Nd7 {D03: 1 d4 d5 2 Nf3 Nf6 3 Bg5, including Torre Attack with early ...d5.} 9. Bg3 Bf6 10. O-O O-O {White is slightly better.} 11. Qb1 {[#]} cxd4 $146 ({Predecessor:} 11... b6 12. a4 a5 13. Bb5 Bb7 14. Rd1 g6 15. Qd3 Bg7 16. Rac1 Nf6 17. h3 Na7 {1-0 (53) Rocha,S (2383)-Silva,M (2213) Almada 2017}) 12. exd4 e5 13. dxe5 Ndxe5 14. Nxe5 Bxe5 15. Bxe5 Nxe5 16. Nb3 Qf6 (16... Re8 {feels hotter.} 17. Re1 Qg5 18. Nd4 Bd7) 17. Qc2 Re8 18. Rfe1 Bg4 19. Re3 Nc6 20. Rg3 Bh5 21. Qd2 Rad8 22. Rh3 Bg4 23. Re3 Rxe3 24. Qxe3 d4 {Inhibits h3.} 25. cxd4 Nxd4 (25... b6 {simplifies} 26. Bc4 Nxd4 27. Nxd4 Qxd4 28. Qxd4 Rxd4 29. b3 Be6) 26. Re1 {[%cal Oe3e8] [#] White wants to mate with Qe8+!} Be6 27. Nc5 b6 28. Nxe6 Qxe6 29. Kf1 Qxe3 30. Rxe3 $11 {[%mdl 4096] Endgame KRB-KRN} Ne6 31. g3 g5 32. Ke2 Kg7 33. Bc4 Nd4+ 34. Kf1 Kf6 {Against Re7} 35. Rd3 Rd7 36. a4 Ke5 37. b3 f5 38. Re3+ Kd6 39. f4 gxf4 40. gxf4 Kc5 41. Kf2 Kb4 42. Rd3 Kc5 43. h3 Rd6 44. Ke3 Rg6 $2 {[%mdl 8192] [#]} 45. Bf7 $2 ({White must play} 45. Rxd4 $18 Rg3+ 46. Kf2 Rxb3 47. Bxb3 Kxd4 48. Bc2) 45... Rg7 $2 (45... Rg3+ $11 46. Kd2 Rg2+ 47. Kd1 Rg1+ 48. Kd2 Rg2+ 49. Kd1 Rg1+ 50. Kd2 Rg2+) 46. Rc3+ $2 (46. b4+ $18 Kxb4 47. Rxd4+ Kc5 48. Rd5+ Kb4 49. Rxf5) 46... Kb4 47. Rc4+ Ka3 $1 48. Bd5 (48. Rc7 $11 Nxb3 49. Rxa7) 48... Nxb3 $17 49. Rc3 $2 (49. Kf2 $17 Nc5 50. a5) 49... Kxa4 $19 {Threatens to win with ...Rg3+.} ({Avoid the trap} 49... Rg3+ $2 50. Bf3 $19) 50. Rxb3 $2 {KRB-KR} ({Reject} 50. Bxb3+ Kb4 51. Rc6 (51. Kd2 Rg2+ 52. Ke3 Rg3+ 53. Kf2 Rxc3 $19) 51... Kxb3 52. Rxh6 Rb7 $19) (50. Rc6 Rg3+ 51. Kf2 Rxh3 52. Be6) 50... b5 $4 (50... Rg3+ $19 51. Ke2 Rxb3) 51. Rb2 b4 52. Be6 $4 (52. Kd4 $18 {and life is good for White.}) 52... a5 $4 (52... Re7 $19 {avoids the disaster.} 53. Ra2+ Kb5) 53. Bc4 {Inhibits b3.} (53. Bxf5 $18 {Black must now prevent Be6.} Ka3 54. Rb1) 53... b3 $2 (53... Rg3+ $11 {and Black is okay.} 54. Kf2 Rxh3 55. Ra2+ Ra3) 54. Rxb3 $4 (54. Bxb3+ $18 Ka3 55. Ra2+ Kxb3 56. Rxa5) 54... Rc7 $4 (54... Rg3+ $19 55. Kd2 Rxb3) 55. Be6 Rc5 56. Kf3 (56. Rb6 $142 Rc3+ 57. Ke2) 56... Rc1 {Weighted Error Value: White=0.88/Black=0.61} 1-0

[Event "Benidorm Open-A 2022"]
[Site "Benidorm"]
[Date "2022.12.08"]
[Round "7.3"]
[White "Christiansen, Johan-Sebastian"]
[Black "Sarkar, Justin"]
[Result "0-1"]
[ECO "B92"]
[WhiteElo "2582"]
[BlackElo "2350"]
[Annotator "TA"]
[PlyCount "54"]
[EventDate "2022.12.03"]
[EventType "swiss"]
[EventCountry "ESP"]
[SourceTitle "playchess.com"]
[Source "ChessBase"]
[SourceQuality "1"]
[TimeControl "5400+30"]

1. e4 c5 2. Nf3 d6 3. d4 cxd4 4. Nxd4 Nf6 5. Nc3 a6 6. Be2 e5 7. Nb3 Be7 8. g4 h6 9. h4 {B92: Sicilian Najdorf: 6 Be2.} Be6 10. g5 {Inhibits a5.} hxg5 11. Bxg5 {Black is slightly better.} Nbd7 12. Qd3 b5 13. O-O-O {[#]} b4 $146 {Prevents f4.} ({Predecessor:} 13... Rc8 14. Kb1 Qc7 15. a3 Nb6 16. Bxf6 gxf6 17. f4 Nc4 18. f5 Nxa3+ 19. Ka2 Bc4 {1-0 (28) Hansen,E (2606)-Potapova,M (2257) Chess.com INT 2021}) 14. Nd5 Bxd5 15. exd5 a5 16. f4 a4 {Inhibits h5.} 17. Nd2 Kf8 18. Bf3 b3 19. cxb3 (19. axb3 $5 e4 20. Nxe4 $11) 19... axb3 20. a3 ({White should try} 20. Nxb3 $15 Rxa2 21. Kb1) 20... Nc5 $17 21. Qe3 {[#]} (21. Qc3 $17 e4 22. Be2) 21... exf4 $2 $40 {[%mdl 128] Black has strong attack.} (21... Qc8 $1 $19 {( -> ...Nd3+)} 22. Nc4 Ra4) 22. Bxf4 $2 (22. Qe2 $17 {was worth a try.}) 22... Qc8 $19 23. Nc4 $2 {[#]} ({Don't go for} 23. Kb1 $2 Qf5+ $19) (23. Nxb3 Nxb3+ 24. Kb1) 23... Qf5 $1 {[%csl Gb3][%cal Rf5c2] Black is clearly winning.} ({And not} 23... Ne6 24. dxe6 Qxc4+ 25. Kd2 $11) 24. Rd2 {Against Qc2+} Ra4 25. Qd4 Nfe4 {Against h5} 26. Bxe4 Qxf4 27. Re1 Bf6 {Weighted Error Value: White=1.17/Black=0.17 (very precise)} 0-1

[Event "Benidorm Open-A 2022"]
[Site "Benidorm"]
[Date "2022.12.08"]
[Round "7.4"]
[White "Assylov, Miras"]
[Black "Gavarrete, Nahun"]
[Result "1/2-1/2"]
[ECO "B62"]
[WhiteElo "2025"]
[BlackElo "2308"]
[Annotator "TA"]
[PlyCount "70"]
[EventDate "2022.12.03"]
[EventType "swiss"]
[EventCountry "ESP"]
[SourceTitle "playchess.com"]
[Source "ChessBase"]
[SourceQuality "1"]
[TimeControl "5400+30"]

1. e4 c5 2. Nf3 Nc6 3. d4 cxd4 4. Nxd4 Nf6 5. Nc3 d6 6. Bg5 e6 7. Bb5 Qc7 {B62: Sicilian: Richter-Rauzer: 6...e6: Unusual White 7th moves.} 8. Qd3 {White is much more active.} (8. Bxf6 $14 gxf6 9. O-O) 8... Be7 $11 9. O-O-O O-O {[#] The position is equal.} 10. f4 $146 ({Predecessor:} 10. Bxc6 bxc6 11. f4 e5 12. Nf3 Re8 13. f5 Bf8 14. Bxf6 gxf6 15. g4 Rb8 16. Rdg1 d5 17. g5 Kh8 18. gxf6 Bxf5 19. exf5 e4 20. Qe3 exf3 21. Qg5 {1-0 (21) Farkas,R (2112)-Havaskori,L (1933) Budapest 2012}) 10... h6 11. Bh4 {[#]} Nxd4 (11... Nxe4 $1 $15 12. Bxe7 (12. Nxc6 Bxh4) 12... Nc5) 12. Qxd4 e5 13. Qd3 exf4 14. Bxf6 Bxf6 15. Nd5 Qd8 16. Nxf6+ Qxf6 17. Qxd6 Be6 $1 {Threatens to win with ...Qg5.} 18. Kb1 Rfd8 (18... Rad8 {simplifies} 19. Qc5 Qg5 20. Qxg5 hxg5 21. Bd3 g6) 19. Qc5 a6 (19... Rxd1+ {simplifies} 20. Rxd1 Qg6 21. Qe5 Qxg2 22. Qxf4 Qg5) 20. Rxd8+ Rxd8 21. Bd3 Rc8 22. Qf2 Qe5 23. Rf1 Qa5 (23... g5 {simplifies} 24. a3 Kg7 25. g3 fxg3 26. hxg3 Rd8) 24. b3 Qc3 25. Qxf4 a5 26. e5 {Against a4} b5 $1 27. Rf3 {[%cal Od3h7] Hoping for Bh7+! Dancing on a razor blade.} (27. Bxb5 $2 {loses.} Qxc2+ 28. Ka1 Qc3+ 29. Kb1 {[#]} Bxb3 $1 30. axb3 Qxb3+ 31. Ka1 Rc2 $19) 27... Qe1+ 28. Qc1 Qxe5 29. Rg3 a4 {And now ...axb3 would win.} 30. Qb2 (30. Qe3 $11 Qf6 31. Rf3) 30... Qe1+ $15 31. Qc1 Qxc1+ 32. Kxc1 axb3 33. axb3 Bxb3 34. Bxb5 Bxc2 ({Don't play} 34... Rxc2+ 35. Kb1 $11) 35. Kd2 Bf5 {Weighted Error Value: White=0.13 (very precise) /Black=0.06 (flawless)} 1/2-1/2